 Dungeon Crawl Stone Soup version 0.30-a0-322-g102857c98e (webtiles) character file.

Game seed: 13353048943449010283

83 lunkers the Changer (level 5, -4/38 HPs)
             Began as a Meteoran Wanderer on Oct 27, 2022.
             Slain by an orc
             ... wielding a +0 hand axe
              (5 damage)
             ... on level 3 of the Dungeon.
             The game lasted 00:04:14 (994 turns).

lunkers the Changer (Meteoran Wanderer)              Turns: 994, Time: 00:04:14

Health: -4/38      AC:  3    Str: 10    XL:     5   Next: 2%
Magic:  0/8        EV: 12    Int: 17    God:
Gold:   102        SH:  0    Dex: 15    Spells: 2/6 levels left

rFire   . . .      SeeInvis .    a - +0 dagger
rCold   . . .      Faith    .    (no shield)
rNeg    . . .      Spirit   .    c - +1 robe
rPois   .          Reflect  .    (no helmet)
rElec   .          Harm     .    (no cloak)
rCorr   .          Rampage  .    (no gloves)
Will    .....                    (no boots)
Stlth   +.........               (no amulet)
HPRegen 0.26/turn                (no ring)
MPRegen 0.11/turn                (no ring)

@: glowing
A: sense surroundings 1, otherworldly, glowing, explore regen
a: no special abilities


You were on level 3 of the Dungeon.
You visited 1 branch of the dungeon, and saw 3 of its levels.

You collected 102 gold pieces.

Inventory:

Hand Weapons
 a - a +0 dagger (weapon)
Armour
 c - a +1 robe (worn)
Wands
 d - a wand of flame (6)
Scrolls
 g - 2 scrolls of enchant armour
Potions
 b - a potion of lignification
 e - a potion of resistance {unknown}
 f - 2 potions of invisibility {unknown}
 h - a potion of curing
 i - a potion of mutation {unknown}


   Skills:
 - Level 2.4 Dodging
 * Level 3.9 Unarmed Combat
 - Level 1.3 Spellcasting
 - Level 1.2 Conjurations
 + Level 5.5 Transmutations
 - Level 2.4 Evocations


You had 2 spell levels left.
You knew the following spells:

 Your Spells              Type           Power      Damage    Failure   Level
a - Sting                 Tmut/Pois      40%        1d5       7%          1
b - Spider Form           Tmut/Pois      10%        N/A       21%         3

Your spell library contained the following spells:

 Spells                   Type           Power      Damage    Failure   Level
 Beastly Appendage        Tmut           40%        N/A       1%          1
 Searing Ray              Conj           10%        2d4       19%         2
 Static Discharge         Conj/Air       6%         2-3/arc   24%         2
 Inner Flame              Hex/Fire       1%         N/A       52%         3
 Cause Fear               Hex            0%         N/A       90%         4
 Discord                  Hex            0%         N/A       100%        8


Dungeon Overview and Level Annotations

Branches:
Dungeon (3/15) Zot: 806

Altars:
Dithmenos


Innate Abilities, Weirdness & Mutations

You passively map a small area around you.
You are easily found by Zot.
You glow in the dark.
You regain HP and MP as you explore.


Message History

The hobgoblin attacks as you move away! The hobgoblin barely misses you.
The hobgoblin attacks as you move away! The hobgoblin hits you.
* * * LOW HITPOINT WARNING * * *
Aiming: Sting (safe; 7% risk of failure)
Press: ? - help, Q - select action, (/) - cycle Shift-Dir - straight line, f - hobgoblin
Aim: a hobgoblin (71% to hit)
The sting misses the hobgoblin.
* * * LOW MAGIC WARNING * * *
The hobgoblin hits you.
* * * LOW HITPOINT WARNING * * *
Aiming: Sting (safe; 7% risk of failure)
Press: ? - help, Q - select action, (/) - cycle Shift-Dir - straight line, f/p - hobgoblin
Aim: a hobgoblin (71% to hit)
The sting misses the hobgoblin.
The sting hits the orc.
The orc is poisoned.
The orc is moderately wounded.
* * * LOW MAGIC WARNING * * *
The hobgoblin hits you.
* * * LOW HITPOINT WARNING * * *
The hobgoblin attacks as you move away! The hobgoblin barely misses you.
The hobgoblin attacks as you move away! The hobgoblin hits you.
* * * LOW HITPOINT WARNING * * *
Casting: Sting (safe; 7% risk of failure)
Confirm with . or Enter, or press ? or * to list all spells.
Okay, then.
As you read the scroll labelled UPHUL BIYPU, it crumbles to dust.
It is a scroll of enchant armour.
Your +0 robe glows green for a moment.
The hobgoblin hits you.
* * * LOW HITPOINT WARNING * * *
The hobgoblin attacks as you move away! The hobgoblin hits you.
* * * LOW HITPOINT WARNING * * *
Aiming: Sting (safe; 7% risk of failure)
Press: ? - help, Q - select action, (/) - cycle Shift-Dir - straight line, f/p - hobgoblin
Aim: a hobgoblin (71% to hit)
The sting hits the hobgoblin.
The hobgoblin is poisoned.
The hobgoblin is almost dead.
* * * LOW MAGIC WARNING * * *
You kill the hobgoblin!
Unknown command.
The orc attacks as you move away! The orc hits you with a +0 hand axe.
You die...

, , #.#.# , ..# #.#.# * ..# *
#.# #.### * #.# * #.# ,.....
#.# #.# *##... #.# , #.#
##§.§.§#* #.# ,, ,#.#
#......§#########.#########.#
§§§...§§§##....o@.....(.....#
§....§§§....#####†###########
...._†......# #.#
.§.§.§§§§§..# #.#
§§§§.§§§§##.# #.#
#§§....§###.# #.# ##§....#*
#.# #.# *##...#####.# ##.#
.....#.....# #..#


You could see an orc.

Vanquished Creatures
  4 adders
  A worm (D:2)
  2 dart slugs
  6 ball pythons
  3 endoplasms
  2 giant cockroaches
  6 goblins
  6 hobgoblins
  A quokka (D:2)
  3 bats
  3 frilled lizards
  A kobold (D:2)
  A rat (D:2)
39 creatures vanquished.

Notes
Turn   | Place    | Note
-------+----------+-------------------------------------------
     0 | D:1      | lunkers the Meteoran Wanderer began the quest for the Orb.
     0 | D:1      | lunkers set off with the following items: a +0 dagger, a
                  | potion of lignification, a +0 robe, a wand of flame (6);
                  | and the following spells available to memorise: Beastly
                  | Appendage, Sting, Searing Ray, Static Discharge, Spider
                  | Form.
     0 | D:1      | Reached XP level 1. HP: 14/14 MP: 3/3
     2 | D:1      | Learned a level 1 spell: Beastly Appendage
     4 | D:1      | Learned a level 1 spell: Sting
    75 | D:1      | Reached skill level 1 in Unarmed Combat
    75 | D:1      | Reached XP level 2. HP: 17/20 MP: 1/5
   193 | D:1      | Reached skill level 5 in Transmutations
   283 | D:1      | Reached XP level 3. HP: 20/26 MP: 1/6
   518 | D:2      | Reached XP level 4. HP: 33/33 MP: 5/7
   661 | D:2      | Found a faded altar of an unknown god.
   869 | D:3      | Learned a level 3 spell: Spider Form
   912 | D:3      | Found a shadowy altar of Dithmenos.
   969 | D:3      | Reached XP level 5. HP: 27/38 MP: 0/8
   992 | D:3      | HP: 1/38 [hobgoblin (4)]
   994 | D:3      | Slain by an orc

Illustrated notes

Levels and vault maps discovered:
D:1:      dpeg_arrival_short_road, layout_basic, minmay_ruptured
D:2:      layout_loops_ring, serial_shops, nicolae_shop_advertising_works
          [nicolae_subvault_shop_adworks], hellmonk_ecumenical_altar_zigzags
D:3:      layout_basic, nicolae_uskayaw_dance_hall,
          nicolae_dithmenos_the_darkroom, gammafunk_ghost_necromancy,
          uniq_crazy_yiuf_cottage

Skill      XL: |  1  2  3 |
---------------+----------+-----
Unarmed Combat | 1 2 3 |  3.9
Transmutations | 5 |  5.5
Dodging        | |  2.4
Spellcasting   | |  1.3
Conjurations   | |  1.2
Evocations     | |  2.4

Action                   |  1- 3 |  4- 6 || total
-------------------------+-------+-------++-------
Melee: Dagger            |    43 |     7 ||    50
       Punch             |     2 |       ||     2
 Cast: Sting             |    38 |    39 ||    77
  Use: Scroll            |       |     3 ||     3
Armor: Robe              |     8 |     6 ||    14
Dodge: Dodged            |    30 |    17 ||    47

Table legend: (Time is in decaauts)
 A = Elapsed time spent in this place.
 B = Non-inter-level travel time spent in this place.
 C = Inter-level travel time spent in this place.
 D = Time resting spent in this place.
 E = Time spent auto-exploring this place.
 F = Levels seen in this place.
 G = Mean time per level.
                   A        B        C        D        E       F      G
               +--------+--------+--------+--------+--------+-----+--------+
         Total |    993 |    987 |      6 |      0 |    515 |   3 |  331.0 |
       Dungeon |    993 |    987 |      6 |      0 |    515 |   3 |  331.0 |
               +--------+--------+--------+--------+--------+-----+--------+

Top non-repeatable levels by time:
     D:2: 503 daAuts
     D:1: 354 daAuts
     D:3: 135 daAuts
